 Dungeon Crawl Stone Soup version 0.19-a0-2013-g488b080 (webtiles) character file.

11985 Bailgrim the Fencer (level 11, -1/102 HPs)
             Began as a Minotaur Gladiator on Jan 25, 2017.
             Was a High Priest of Okawaru.
             Slain by a blink frog skeleton (7 damage)
             ... on level 11 of the Dungeon.
             The game lasted 00:14:45 (9496 turns).

Bailgrim the Fencer (Minotaur Gladiator)            Turns: 9496, Time: 00:14:45

Health: -1/102     AC: 12    Str: 22    XL:     11   Next: 56%
Magic:  14/14      EV: 13    Int:  5    God:    Okawaru [*****.]
Gold:   819        SH:  0    Dex: 12    Spells: 4/10 levels left

rFire  . . .     SeeInvis +     a - +4 scimitar (flame)
rCold  + . .     Faith    +     j - +4 scale mail
rNeg   . . .     Spirit   .     (no shield)
rPois  .         Reflect  .     c - +0 hat
rElec  .                        h - +0 cloak
rCorr  .                        (no gloves)
MR     .....                    (no boots)
Stlth  ..........               k - amulet of faith
                                z - ring of see invisible
                                l - ring of ice

@: no status effects
A: retaliatory headbutt, horns 2, mutation resistance 1
a: Heroism, Finesse, Renounce Religion


You were on level 11 of the Dungeon.
You worshipped Okawaru.
Okawaru was extremely pleased with you.
You were not hungry.

You visited 2 branches of the dungeon, and saw 12 of its levels.

You collected 819 gold pieces.

Inventory:

Hand Weapons
 a - a +4 scimitar of flaming (weapon)
Missiles
 w - a throwing net (quivered)
Armour
 c - a +0 hat (worn)
 h - a +0 cloak (worn)
 j - a +4 scale mail (worn)
Jewellery
 i - an uncursed ring of wizardry
 k - an amulet of faith (around neck)
 l - a ring of ice (left hand)
 s - an uncursed ring of stealth
 z - a ring of see invisible (right hand)
Wands
 r - a wand of slowing (12/24)
 u - a wand of lightning (9/15)
 A - a wand of confusion (9/24)
 C - a wand of polymorph (5/18)
Scrolls
 b - 2 scrolls of magic mapping
 e - 2 scrolls of enchant armour
 f - a scroll of fear
 m - 3 scrolls of recharging
 n - a scroll of immolation {!r}
 o - a scroll of fog
 q - 3 scrolls of enchant weapon
 v - a scroll of blinking
 y - 6 scrolls of teleportation
Potions
 d - a potion of cancellation
 g - 2 potions of resistance
 p - a potion of lignification
 t - a potion of agility
 x - 4 potions of curing
 B - a potion of cure mutation {!q}
 D - a potion of berserk rage
 E - 2 potions of might


   Skills:
 + Level 11.0 Fighting
 - Level 15.0 Long Blades
 - Level 2.0 Throwing
 + Level 6.1 Armour
 + Level 6.7 Dodging
 * Level 6.3 Invocations


You had 4 spell levels left.
You knew the following spells:

 Your Spells              Type           Power        Failure   Level  Hunger
a - Summon Butterflies    Summ           #.......     95%         1    ##.....
b - Blink                 Tloc           N/A          99%         2    ###....
c - Lesser Beckoning      Tloc           #.........   100%        3    ####...


Dungeon Overview and Level Annotations

Branches:
Dungeon (11/15)            Temple (1/1) D:7             Orc (0/2) D:11
   Lair: D:-1         Crypt: Vaults:-1     Tomb: Vaults:-1

Altars:
Cheibriados
Dithmenos
Elyvilon
Gozag
Hepliaklqana
Kikubaaqudgha
Makhleb
Nemelex Xobeh
Okawaru
Qazlal
Ru
Sif Muna
Trog
Uskayaw
Vehumet
Xom
Yredelemnul
Zin
The Shining One

Shops:
D:7 (}!

Annotations:
D:9 exclusion: downstairs


Innate Abilities, Weirdness & Mutations

You reflexively headbutt those who attack you in melee.
You have a pair of horns on your head.
You are somewhat resistant to further mutation.


Message History

You hit the cyclops (3). You burn the cyclops (1).
You headbutt the cyclops, but do no damage.
The cyclops is heavily wounded.
The blink frog skeleton hits you but does no damage.
You slice the cyclops (19)!! You burn the cyclops (5).
You kill the cyclops!
Okawaru accepts your kill. Something appears at your feet!
Okawaru grants you a gift!
Your Fighting skill increases to level 11!
You barely miss the blink frog skeleton.
You headbutt the blink frog skeleton (11)!
The blink frog skeleton is severely damaged.
The blink frog skeleton hits you (3).
* * * LOW HITPOINT WARNING * * *
You hit the blink frog skeleton (2). You burn the blink frog skeleton (1).
You headbutt the blink frog skeleton (4).
The blink frog skeleton is almost destroyed.
The blink frog skeleton hits you (7)!
You die...

....[## .......
##.#..##Z.....8
#.#...#####...
#.###.# #.#.#.
#.###.# #.#.# .
#.##..# #.#.# ...
..##.## #.#.#
#####.... #.###.#
#.#.###........ #.
#.# ##.#...Z@(.Z....
#.
#.###.#...##.##.....
#. #.##.###..##.#
##. #.###.#.##
##.##.# #......##
##.... #####.#.#
##.# #.##.# #.# #.#
#.# #[# #.. ...


You could see an orc zombie and a blink frog skeleton.

Vanquished Creatures
  Snorg (D:10)
  Josephine (D:10)
  A hydra (D:11)
  Erica (D:8)
  An orc high priest (D:10)
  An ugly thing (D:11)
  A cyclops (D:11)
  A spiny frog (D:10)
  A troll (D:10)
  A vampire (D:10)
  2 wyverns (D:10)
  A black mamba skeleton (D:9)
  4 yaks
  A steam dragon (D:9)
  4 wraiths (D:10)
  A spiny frog zombie (D:9)
  2 water moccasins
  A spiny frog skeleton (D:8)
  3 black bears
  3 ice beasts
  4 orc warriors
  2 phantoms
  A wasp (D:4)
  8 ogres
  4 centaurs
  A bullfrog (D:6)
  A rime drake skeleton (D:7)
  Blork the orc (D:4)
  3 wyvern zombies
  A gnoll sergeant (D:5)
  A wyvern skeleton (D:9)
  3 scorpions
  A water moccasin skeleton (D:6)
  3 killer bees (D:9)
  A troll zombie (D:11)
  A howler monkey (D:4)
  2 crimson imps
  A bullfrog zombie (D:6)
  A centaur zombie (D:8)
  5 quasits
  6 hounds
  4 centaur skeletons
  2 jellies
  5 orc priests
  A bullfrog skeleton (D:7)
  9 orc wizards
  3 iguanas
  5 worker ants
  5 ogre zombies (D:11)
  A hound zombie (D:5)
  A hound skeleton (D:6)
  Robin (D:2)
  9 gnolls
  7 adders
  A shadow imp (D:5)
  3 dart slugs
  5 leopard geckos
  54 orcs
  2 bats
  5 giant cockroaches
  18 goblins
  6 hobgoblins
  15 jackals
  5 quokkas
  7 frilled lizards
  A giant cockroach zombie (D:5)
  A goblin skeleton (D:11)
  3 goblin zombies (D:11)
  2 hobgoblin zombies (D:11)
  9 kobolds
  2 orc skeletons (D:11)
  10 orc zombies (D:11)
  8 rats
293 creatures vanquished.

Vanquished Creatures (others)
  A bullfrog (D:8)
1 creature vanquished.

Grand Total: 294 creatures vanquished

Notes
Turn   | Place    | Note
-------+----------+-------------------------------------------
     0 | D:1      | Bailgrim the Minotaur Gladiator began the quest for the Orb.
     0 | D:1      | Reached XP level 1. HP: 18/18 MP: 0/0
    46 | D:1      | Reached skill level 4 in Long Blades
    46 | D:1      | Reached XP level 2. HP: 25/25 MP: 1/1
   242 | D:1      | Reached skill level 5 in Long Blades
   246 | D:1      | Reached XP level 3. HP: 22/30 MP: 2/2
   455 | D:2      | Found a stormy altar of Qazlal.
   516 | D:2      | Gained mutation: You are somewhat resistant to further mutation. [potion of mutation]
   649 | D:2      | Reached XP level 4. HP: 37/37 MP: 3/3
   657 | D:2      | Reached skill level 6 in Long Blades
   663 | D:2      | Found an opulent altar of Gozag.
   797 | D:2      | Found a burning altar of Makhleb.
   943 | D:3      | Noticed Robin
  1044 | D:2      | Killed Robin
  1089 | D:3      | Reached XP level 5. HP: 38/42 MP: 4/4
  1114 | D:3      | Reached skill level 7 in Long Blades
  1503 | D:4      | Reached skill level 8 in Long Blades
  1506 | D:4      | Reached XP level 6. HP: 47/50 MP: 5/5
  1652 | D:4      | Noticed Blork the orc
  1663 | D:4      | Killed Blork the orc
  1663 | D:4      | Reached skill level 9 in Long Blades
  1721 | D:4      | Reached XP level 7. HP: 41/56 MP: 6/6
  1778 | D:4      | Reached skill level 10 in Long Blades
  1918 | D:4      | Found a basalt altar of Yredelemnul.
  2425 | D:5      | Entered Level 5 of the Dungeon
  2926 | D:5      | Reached skill level 11 in Long Blades
  3091 | D:5      | Reached XP level 8. HP: 52/66 MP: 7/7
  3570 | D:5      | Found a hide-covered altar of Uskayaw.
  3572 | D:5      | Found a snail-covered altar of Cheibriados.
  3574 | D:5      | Found a white marble altar of Elyvilon.
  3707 | D:6      | Reached skill level 5 in Fighting
  3711 | D:6      | Learned a level 1 spell: Summon Butterflies
  3920 | D:6      | Reached skill level 12 in Long Blades
  4141 | D:6      | Found a deep blue altar of Sif Muna.
  4193 | D:6      | HP: 2/70 [poisoned by a gnoll sergeant]
  5064 | D:6      | Reached XP level 9. HP: 75/78 MP: 8/8
  5082 | D:7      | Found Qugu's Distillery.
  5117 | D:7      | Reached skill level 13 in Long Blades
  5170 | D:7      | Found a staircase to the Ecumenical Temple.
  5202 | Temple   | Entered the Ecumenical Temple
  5262 | Temple   | Became a worshipper of Warmaster Okawaru
  5287 | D:7      | Found Lutzuysu's Antique Weapon Shop.
  5514 | D:7      | Found Dipt's Gadget Emporium.
  5968 | D:8      | Found a bloodstained altar of Trog.
  5999 | D:8      | Reached * piety under Okawaru
  6022 | D:8      | Found a shimmering altar of Xom.
  6390 | D:8      | Reached skill level 14 in Long Blades
  6647 | D:8      | Noticed Erica
  6663 | D:8      | Killed Erica
  6663 | D:8      | Reached ** piety under Okawaru
  6663 | D:8      | Reached XP level 10. HP: 40/90 MP: 9/9
  6699 | D:8      | Reached skill level 15 in Long Blades
  6947 | D:8      | Found a sacrificial altar of Ru.
  7023 | D:9      | Reached skill level 1 in Armour
  7240 | D:9      | Reached *** piety under Okawaru
  7656 | D:10     | Entered Level 10 of the Dungeon
  7728 | D:10     | Reached skill level 1 in Invocations
  7733 | D:10     | Received a gift from Okawaru
  7750 | D:10     | Noticed Josephine
  7768 | D:10     | Killed Josephine
  7768 | D:10     | Reached **** piety under Okawaru
  7768 | D:10     | Reached skill level 10 in Fighting
  7768 | D:10     | Reached skill level 5 in Dodging
  7820 | D:10     | Noticed an orc high priest
  7822 | D:10     | Noticed Snorg
  7824 | D:10     | Noticed a rust devil
  7861 | D:10     | Noticed a sixfirhy
  7871 | D:10     | Noticed an orange demon
  7964 | D:10     | Noticed a rust devil
  8019 | D:10     | Learned a level 2 spell: Blink
  8023 | D:10     | Learned a level 3 spell: Lesser Beckoning
  8101 | D:10     | Reached XP level 11. HP: 96/100 MP: 13/13
  8311 | D:10     | Killed Snorg
  8311 | D:10     | Reached ***** piety under Okawaru
  8311 | D:10     | Reached skill level 5 in Armour
  8311 | D:10     | Reached skill level 5 in Invocations
  8680 | D:10     | Killed an orc high priest
  9081 | D:11     | Noticed a purple ugly thing
  9092 | D:11     | Killed a purple ugly thing
  9092 | D:11     | Received a gift from Okawaru
  9204 | D:11     | Noticed a six-headed hydra
  9212 | D:11     | Killed a six-headed hydra
  9395 | D:11     | Found a staircase to the Orcish Mines.
  9494 | D:11     | Received a gift from Okawaru
  9496 | D:11     | Slain by a blink frog skeleton

Vault maps used:
D:1:      roderic_chinese_lattice_arrival
D:2:      nicolae_qazlal_general_emergency, lemuel_doored_altar,
          lemuel_round_altar, first_bread
D:3:      uniq_robin
D:4:      lemuel_round_altar, uniq_blork_the_orc
D:5:      minitemple
D:6:      led_sif_pool
D:7:      serial_shops, shop, shop, shop, grunt_ogre_cave
D:8:      marbit_many_paths, xom_confusion_cloud, basic_altar, uniq_erica
D:10:     grunt_ministairs_4, uniq_snorg, uniq_josephine
D:11:     zombieorc2_lemuel, st_stairs_12, minmay_shop_grid_forest
Temple:   jpeg_temple_island

Skill      XL: |  1  2  3  4  5  6  7  8  9 10 11 |
---------------+----------------------------------+-----
Long Blades    | 4 5 6 8 9 11 12 14 15 | 15.0
Fighting       | 4 6 8 10 11 | 11.0
Armour         | 4 6 |  6.1
Dodging        | 5 6 |  6.7
Invocations    | 4 6 |  6.3
Throwing       | |  2.0

Action                   |  1- 3 |  4- 6 |  7- 9 | 10-12 || total
-------------------------+-------+-------+-------+-------++-------
Melee: Long sword        |    64 |   205 |   448 |     8 ||   725
       Headbutt          |    10 |    24 |   103 |    56 ||   193
       Scimitar          |       |       |       |   261 ||   261
       Punch             |       |       |       |     2 ||     2
Invok: Heroism           |       |       |       |     4 ||     4
Evoke: Wand              |       |       |       |     2 ||     2
  Use: Potion            |     1 |       |     2 |     1 ||     4
       Scroll            |       |       |       |     1 ||     1
Armor: Leather armour    |     8 |       |       |       ||     8
       Scale mail        |    10 |    89 |   178 |    63 ||   340
       Skin              |       |       |       |    32 ||    32
Dodge: Dodged            |    29 |   122 |   185 |    83 ||   419
